 Dungeon Crawl Stone Soup version 0.14-a0-2017-g4a4604d (webtiles) character file.

80 Mitsuki the Stinger (level 3, -3/19 HPs)
             Began as a Deep Elf Venom Mage on Jan 18, 2014.
             Killed from afar by Sigmund (9 damage)
             ... with a magic dart
             ... on Level 2 of the Dungeon.
             The game lasted 00:07:10 (1529 turns).

Mitsuki the Stinger (Deep Elf Venom Mage)           Turns: 1529, Time: 00:07:10

HP  -3/19        AC  5     Str  6      XL: 3   Next: 16%
MP  10/10        EV 13     Int 19      God:
Gold 45          SH  0     Dex 15      Spells:  3 memorised,  2 levels left

rFire  . . .     SeeInvis .     f - +0 whip
rCold  . . .     Clarity  .     t - +0 robe
rNeg   . . .     Conserve .     (no shield)
rPois  .         rCorr    .     (no helmet)
rElec  .         rRot     .     (no cloak)
SustAb . .       Spirit   .     (no gloves)
rMut   .         Warding  .     h - +2 pair of dwarf boots
Saprov . . .     Stasis   .     (no amulet)
MR     .....                    (no ring)
                                (no ring)

@: confused, not resistant to hostile enchantments, very unstealthy
A: no striking features
a: no special abilities


You were on level 2 of the Dungeon.
You were hungry.

You visited 1 branch of the dungeon, and saw 2 of its levels.

You collected 45 gold pieces.

Inventory:

Hand weapons
 f - a +0,+0 whip (weapon)
Armour
 h - a +2 pair of dwarven boots (worn)
 t - a +0 robe (worn)
Comestibles
 c - 2 bread rations
 j - a beef jerky
Scrolls
 d - 2 scrolls of remove curse {unknown}
 g - a scroll of recharging {unknown}
 k - a scroll of magic mapping {unknown}
 l - 3 scrolls of curse weapon {unknown}
 m - 2 scrolls of enchant weapon I {unknown}
 n - a scroll of teleportation {unknown}
 q - a scroll of immolation {unknown}
 r - a scroll of enchant armour {unknown}
Potions
 e - a potion of speed {unknown}
 i - 2 potions of agility {unknown}
 o - a potion of poison {unknown}
 p - a potion of magic {unknown}
 s - a potion of might {unknown}
Books
 b - a Young Poisoner's Handbook

   Spells                             Type                      Level
   *Sting                             Conjuration/Poison           1
   *Cure Poison                       Poison                       2
   *Mephitic Cloud                    Conjuration/Poison/Air       3
   Olgreb's Toxic Radiance            Poison                       4
   Venom Bolt                         Conjuration/Poison           5


   Skills:
 - Level 2.4 Dodging
 - Level 2.5 Stealth
 - Level 0.1 Unarmed Combat
 - Level 3.0 Spellcasting
 - Level 0.4 Conjurations
 + Level 5.4 Poison Magic


You had 2 spell levels left.
You knew the following spells:

 Your Spells              Type           Power        Failure   Level  Hunger
a - Sting                 Conj/Pois      ##..         6%          1    None
b - Cure Poison           Pois           ###.......   2%          2    ##.....
c - Mephitic Cloud        Conj/Pois/Air  ##......     21%         3    ###....


Dungeon Overview and Level Annotations

Branches:
Dungeon (2/16)

Altars:
Dithmengos

Annotations:
D:2 Sigmund


Message History

Found 18 sling bullets.
You now have 45 gold pieces (gained 4).
Sigmund comes into view.
He is wielding a runed scythe.
Sigmund gestures at you while chanting. The puff of flame hits you!
Sigmund casts a spell at you.
You are confused.
Ouch! Ouch! Sigmund casts a spell at you. The puff of flame hits you!
Ouch! Ouch! Sigmund gestures at you while chanting. The puff of flame hits you!
Ouch! Sigmund looks at you with fury.
Sigmund points at you and mumbles some strange words.
The magic dart hits you!
You die...

#.#.###.............(##
#.#.# #...............#
#.#.# ...............#
#.#.# ..............#
#.#.### ######+#@######
......# #.#
#.#.#.####### #.#
#.#........... #.#
#.#.######### #@#
#.........# #.#
###.#####.######.# #
#.# #.#......#
###.#####.#.#######
...<..........>.....
###########.####### #.#
#.#


You could see Sigmund.

Vanquished Creatures
  8 hobgoblins
  7 kobolds
  A ball python (D:2)
  5 bats (D:1)
  2 giant cockroaches
  A giant newt (D:2)
  5 goblins
  3 rats
32 creatures vanquished.

Notes
Turn   | Place    | Note
--------------------------------------------------------------
     0 | D:1      | Mitsuki, the Deep Elf Venom Mage, began the quest for the Orb.
     0 | D:1      | Reached XP level 1. HP: 10/10 MP: 5/5
   454 | D:1      | Reached XP level 2. HP: 15/15 MP: 4/8
   458 | D:1      | Learned a level 2 spell: Cure Poison
   673 | D:1      | Reached skill level 5 in Poison Magic
  1252 | D:2      | Reached XP level 3. HP: 19/19 MP: 3/10
  1307 | D:2      | Learned a level 3 spell: Mephitic Cloud
  1381 | D:2      | Found a shadowy altar of Dithmengos.
  1511 | D:2      | Noticed Sigmund
  1529 | D:2      | Killed from afar by Sigmund

Action                   || total
-------------------------++-------
Melee: Unarmed           ||     7
       Whip              ||    13
 Cast: Sting             ||    64
